 Dungeon Crawl Stone Soup version 0.31-a0-1448-g4a97266 (webtiles) character file.

Game seed: 6477948922144860017

5672 sdynet the Fighter (level 10, -2/103 HPs)
             Began as a Naga Hunter on Dec 27, 2023.
             Was a Priest of Fedhas.
             Slain by a two-headed ogre
             ... wielding a +0 giant club
              (13 damage)
             ... on level 8 of the Dungeon.
             The game lasted 00:45:34 (9442 turns).

sdynet the Fighter (Naga Hunter)                    Turns: 9442, Time: 00:45:34

Health: -2/103     AC:  9    Str: 15    XL:     10   Next: 75%
Magic:  9/14       EV: 10    Int:  9    God:    Fedhas [***...]
Gold:   93         SH:  0    Dex: 18    Spells: 7/9 levels left

rFire   . . .        b - +2 sling (drain)
rCold   . . .        (no shield)
rNeg    . . .        c - +0 leather armour
rPois   +            D - +2 helmet {SInv}
rElec   .            g - +0 cloak
rCorr   .            E - +0 pair of gloves
SInv    +            (no barding)
Will    ++...        A - amulet of faith
Stlth   +++          m - ring of wizardry
HPRegen 0.37/turn    v - ring of wizardry
MPRegen 0.14/turn

%: faith, wizardry (x2)
@: slowed, very slow
A: AC +3, large, see invisible, deformed body, poison resistance, slowness 2,
spit poison 1, naga tail 1, stinger 1, strong-willed 1, MP-powered wands
a: Spit Poison, Renounce Religion, Wall of Briars, Grow Ballistomycete


You were on level 8 of the Dungeon.
You worshipped Fedhas.
Fedhas was most pleased with you.
You visited 2 branches of the dungeon, and saw 9 of its levels.
You also visited: Sewer, Ossuary and Bailey.

You collected 492 gold pieces.
You spent 399 gold pieces at shops.

Inventory:

Hand Weapons
 a - a +3 shortbow
 b - a +2 sling of draining (weapon)
 j - a +2 dagger of freezing
Missiles
 l - a throwing net
 Y - a curare-tipped dart
 Z - 9 poisoned darts
Armour
 c - a +0 leather armour (worn)
 g - a +0 cloak (worn)
 D - a +2 helmet of see invisible (worn)
 E - a +0 pair of gloves (worn)
Magical Staves
 n - a staff of fire
Jewellery
 m - a ring of wizardry (left hand)
 v - a ring of wizardry (right hand)
 A - an amulet of faith (around neck)
Wands
 f - a wand of light (1)
 y - a wand of flame (13)
 B - a wand of digging (5)
Scrolls
 d - 3 scrolls of torment
 e - 6 scrolls of teleportation {!r}
 o - a scroll of revelation {!r}
 t - a scroll of poison
 u - 2 scrolls of fear {!r}
 x - a scroll of blinking
 C - a scroll of enchant armour
 F - 6 scrolls of butterflies
Potions
 h - 9 potions of heal wounds {!q}
 i - 2 potions of haste {!q}
 k - 7 potions of curing {!q}
 p - a potion of might {!q}
 q - a potion of brilliance {!q}
 r - a potion of invisibility {!q}
 s - 2 potions of cancellation {!q}
 w - a potion of mutation
 z - a potion of magic {!q}


   Skills:
 + Level 10.5 Fighting
 + Level 10.0 Ranged Weapons
 - Level 2.0 Dodging
 - Level 4.0 Stealth
 - Level 6.0 Invocations


You had 7 spell levels left.
You knew the following spells:

 Your Spells              Type           Power      Damage    Failure   Level
q - Blink                 Tloc           0%         N/A       19%         2

Your spell library contained the following spells:

 Spells                   Type           Power      Damage    Failure   Level
 Shock                    Conj/Air       0%         1d3       13%         1
 Call Imp                 Summ           0%         N/A       19%         2
 Lesser Beckoning         Tloc           0%         N/A       19%         2
 Momentum Strike          Conj/Tloc      0%         3d8       19%         2
 Sublimation of Blood     Necr           0%         N/A       19%         2
 Fugue of the Fallen      Necr           0%         N/A       36%         3
 Hailstorm                Conj/Ice       0%         3d5       36%         3
 Ozocubu's Armour         Ice            0%         N/A       36%         3
 Summon Ice Beast         Ice/Summ       0%         N/A       36%         3
 Swiftness                Air            0%         N/A       36%         3
 Tukima's Dance           Hex            0%         N/A       36%         3
 Airstrike                Air            0%         2d(0-16)  73%         4
 Ignite Poison            Fire/Alch      0%         N/A       73%         4
 Leda's Liquefaction      Alch/Erth      0%         N/A       73%         4
 Manifold Assault         Tloc           0%         N/A       73%         4
 Passage of Golubria      Tloc           0%         N/A       73%         4
 Lee's Rapid Deconstruct  Erth           0%         3d4*      96%         5
 Yara's Violent Unravell  Hex/Alch       0%         3d3       96%         5
 Bombard                  Conj/Erth      0%         9d1       100%        6
 Sculpt Simulacrum        Ice/Alch       0%         N/A       100%        6
 Enfeeble                 Hex            0%         N/A       100%        7
 Summon Hydra             Summ           0%         N/A       100%        7
 Discord                  Hex            0%         N/A       100%        8


Dungeon Overview and Level Annotations

Branches:
Dungeon (8/15)             Temple (1/1) D:4           Sewer (visited)
Ossuary (visited)          Bailey (visited)
   Lair: D:8-11

Altars:
Cheibriados
Dithmenos
Fedhas
Gozag
Hepliaklqana
Makhleb
Okawaru
Qazlal
Ru
Sif Muna
Trog
Uskayaw
Vehumet
Wu Jian
Xom
Yredelemnul
Zin
The Shining One

Shops:
D:1 ?!**   D:5 (   D:6 !*=


Innate Abilities, Weirdness & Mutations

Your serpentine skin is tough. (AC +3)
You have supernaturally acute eyesight. (SInv)
Armour fits poorly on your strangely shaped body.
Your system is resistant to poisons. (rPois)
You cover ground very slowly.
You can spit poison.
You have a snake-like lower body.
Your tail ends in a venomous barb.
You are strong-willed. (Will+)
You expend magic power (3 MP) to strengthen your wands.


Message History

The two-headed ogre hits your briar patch with a +0 giant club!
Your briar patch is destroyed!
Your briar patch disappears in a puff of smoke!
You slither carefully through the plants.
The two-headed ogre seems less drained.
The two-headed ogre barely misses you. The two-headed ogre closely misses you.
The two-headed ogre barely misses you.
The two-headed ogre hits you with a +0 giant club!
* * * LOW HITPOINT WARNING * * *
You slither carefully through the plants.
The two-headed ogre barely misses you.
The two-headed ogre hits you with a +0 giant club.
* * * LOW HITPOINT WARNING * * *
Things that are here:
a +0 falchion; an orc corpse The two-headed ogre completely misses your briar patch.
The two-headed ogre hits your briar patch with a +0 giant club!
The two-headed ogre is struck by your briar patch's thorns.
The two-headed ogre hits your briar patch with a +0 giant club!!
Your briar patch is destroyed!
Your briar patch disappears in a puff of smoke!
A briar patch grows up from the ground. x7
The two-headed ogre hits your briar patch with a +0 giant club!
The two-headed ogre hits your briar patch with a +0 giant club!!
Your briar patch is destroyed!
Your briar patch disappears in a puff of smoke!
Aiming: Bolt of Light
Press: ? - help, Shift-Dir - straight line, f/p - two-headed ogre
Aim: a two-headed ogre, wielding two +0 giant clubs (moderately wounded, ally target, 86% to hit)
You feel a surge of power! Fedhas protects your plant from harm.
The bolt of light misses the two-headed ogre.
Your briar patch disappears in a puff of smoke!
You slither carefully through the plants.
The two-headed ogre closely misses you.
The two-headed ogre hits you with a +0 giant club!
* * * LOW HITPOINT WARNING * * *
The two-headed ogre hits you with a +0 giant club!
You die...
Fedhas appreciates your contribution to the ecosystem.

....#.....#.#............
......._....#............
...
.#.....#.#............
....
#)...)#.+.#..###.....
.....###.###.#.#.##
#..... ........)§P..#...#
#..... .#.....P.P...#...
#.....
#...?.POP...#....###...##
#.....PP@####..........#
########...............##
#...............##
................##
....>.............
................#..
................#..
.##.....###......... ....


You could see a two-headed ogre (ally target).

Vanquished Creatures
  An orc knight (Bailey)
  A gargoyle (D:8)
  2 kobold demonologists (Bailey)
  Sigmund (D:3)
  Eustachio (D:4)
  A wraith (D:8)
  A water moccasin (D:8)
  An ice beast (D:7)
  8 orc warriors
  2 black bears
  An ogre (D:5)
  A kobold brigand (D:7)
  2 brain worms (Sewer)
  A bullfrog (D:6)
  3 elf zombies (Ossuary)
  2 scorpions
  2 killer bees (D:6)
  6 electric eels (Bailey)
  2 hounds (D:5)
  A centaur zombie (Ossuary)
  4 human zombies (Ossuary)
  2 jellies
  4 orc priests
  2 bombardier beetles (D:5)
  Jessica (D:3)
  6 orc wizards
  3 iguanas
  8 hound zombies (Ossuary)
  3 mummies
  Robin (D:2)
  12 gnolls
  8 adders
  5 river rats
  A shadow imp (D:5)
  2 ufetubi (D:5)
  3 adder zombies (Ossuary)
  5 worms
  2 dart slugs
  34 orcs
  7 endoplasms
  A giant cockroach (D:4)
  5 gnoll zombies (Ossuary)
  23 goblins
  13 hobgoblins
  6 jackals (D:4)
  8 kobolds
  7 quokkas
  11 ball pythons
  5 bats
  8 frilled lizards
  9 jackal zombies (Ossuary)
  4 kobold zombies
  2 orc zombies
  11 rats
266 creatures vanquished.

Vanquished Creatures (collateral kills)
  3 orc warriors
  An ogre (D:7)
  A bullfrog (D:7)
  A killer bee (D:6)
  A hound (D:7)
  An orc (D:7)
  A goblin (Bailey)
  2 kobolds (D:7)
  14 ballistomycete spores
25 creatures vanquished.

Vanquished Creatures (others)
  2 orcs (D:8)
  2 ballistomycete spores
4 creatures vanquished.

Grand Total: 295 creatures vanquished

Notes
Turn   | Place    | Note
-------+----------+-------------------------------------------
     0 | D:1      | sdynet the Naga Hunter began the quest for the Orb.
     0 | D:1      | Reached XP level 1. HP: 19/19 MP: 1/1
   226 | D:1      | Found Cafopp's Distillery.
   232 | D:1      | Bought a potion of degeneration for 10 gold pieces
   264 | D:1      | Reached XP level 2. HP: 27/27 MP: 2/2
   279 | D:1      | Found Wezaraulul's Magic Scroll Shoppe.
   290 | D:1      | Bought a scroll of noise for 10 gold pieces
   291 | D:1      | Bought a scroll of identify for 20 gold pieces
   386 | D:1      | Found Baczutz's Assorted Antiques.
   390 | D:1      | Found Ykeott's Assorted Antiques.
  1144 | D:2      | Noticed Robin
  1159 | D:2      | Gained mutation: Your tail ends in a venomous barb. [potion
                  | of mutation]
  1159 | D:2      | Gained mutation: You expend magic power (3 MP) to
                  | strengthen your wands. [potion of mutation]
  1159 | D:2      | Gained mutation: You are strong-willed. (Will+) [potion of
                  | mutation]
  1291 | D:2      | Reached XP level 3. HP: 33/33 MP: 3/3
  1482 | D:1      | Bought a puce potion for 21 gold pieces
  1552 | D:2      | Killed Robin
  1992 | D:3      | Reached XP level 4. HP: 42/42 MP: 4/4
  2047 | D:1      | Bought a potion of curing for 30 gold pieces
  2115 | D:3      | Learned a level 2 spell: Blink
  2159 | D:3      | Found a blossoming altar of Fedhas.
  2170 | D:3      | Became a worshipper of Fedhas Madash
  2183 | D:3      | Noticed an oklob plant
  2313 | D:3      | Noticed Sigmund
  2320 | D:3      | Killed Sigmund
  2321 | D:3      | Reached skill level 5 in Fighting
  2321 | D:3      | Reached XP level 5. HP: 55/55 MP: 5/5
  2321 | D:3      | Reached XP level 6. HP: 62/62 MP: 6/6
  2399 | D:3      | Noticed Jessica
  2402 | D:3      | Killed Jessica
  2684 | D:1      | Bought a scroll labelled UGUKYPS JUZO for 24 gold pieces
  2684 | D:1      | Bought a scroll labelled PIYMARCHE ATIES for 24 gold pieces
  2918 | D:4      | Found a staircase to the Ecumenical Temple.
  2998 | D:4      | Found a glowing drain.
  3003 | Sewer    | Entered a sewer
  3122 | Sewer    | Reached skill level 1 in Invocations
  3129 | Sewer    | Reached * piety under Fedhas
  3289 | Sewer    | Reached XP level 7. HP: 62/69 MP: 5/7
  3526 | D:4      | Reached skill level 5 in Ranged Weapons
  3751 | D:1      | Bought a scroll of poison for 40 gold pieces
  4359 | D:4      | Noticed Eustachio
  4374 | D:4      | Killed Eustachio
  4381 | D:4      | Reached XP level 8. HP: 69/76 MP: 8/8
  4449 | Temple   | Entered the Ecumenical Temple
  4477 | D:5      | Entered Level 5 of the Dungeon
  4590 | D:5      | Found a shadowy altar of Dithmenos.
  4603 | D:5      | Reached ** piety under Fedhas
  5059 | D:5      | Found a hazy altar of Hepliaklqana.
  5125 | D:5      | Found Byuhef's Weapon Emporium.
  5266 | D:6      | Found a sand-covered staircase.
  5280 | Ossuary  | Entered an ossuary
  5394 | Ossuary  | Reached *** piety under Fedhas
  5617 | Ossuary  | Reached XP level 9. HP: 53/88 MP: 10/10
  5895 | Ossuary  | Reached **** piety under Fedhas
  6094 | D:6      | Found a shimmering blue altar of Sif Muna.
  6120 | D:6      | Found a glowing golden altar of the Shining One.
  6147 | D:6      | Found Wolasch's Jewellery Emporium.
  6229 | D:6      | Found Rolop's Distillery.
  6361 | D:1      | Bought a runed brass wand for 88 gold pieces
  6760 | D:6      | Found Bamorgh's General Store.
  6763 | D:6      | Bought a scroll of identify for 22 gold pieces
  6888 | D:6      | Found an iron altar of Okawaru.
  7382 | D:7      | Found a shimmering altar of Xom.
  7383 | D:7      | Found a shimmering altar of Xom.
  7384 | D:7      | Found a shimmering altar of Xom.
  7384 | D:7      | Found a shimmering altar of Xom.
  7608 | D:8      | Reached skill level 5 in Invocations
  7610 | D:8      | Noticed a gargoyle
  7619 | D:8      | Killed a gargoyle
  7620 | D:8      | Reached XP level 10. HP: 90/99 MP: 7/14
  7718 | D:8      | Found a flagged portal.
  7738 | Bailey   | Entered a bailey
  7771 | Bailey   | Noticed an orc knight
  7795 | Bailey   | Killed an orc knight
  8345 | Bailey   | Acquired an amulet of faith
  8357 | Bailey   | Reached skill level 10 in Fighting
  8520 | Bailey   | Noticed a kobold demonologist
  8569 | Bailey   | Noticed a kobold demonologist
  8588 | Bailey   | Killed a kobold demonologist
  8714 | Bailey   | Noticed a rust devil
  8717 | Bailey   | Killed a kobold demonologist
  8724 | Bailey   | Found an iron altar of Okawaru.
  8773 | Bailey   | Got the Omnibus of Charming Lava
  9069 | D:1      | Bought an onyx ring for 110 gold pieces
  9385 | D:8      | Found a stormy altar of Qazlal.
  9412 | D:8      | Reached skill level 10 in Ranged Weapons
  9426 | D:8      | Noticed a two-headed ogre
  9442 | D:8      | Slain by a two-headed ogre

Illustrated notes

Levels and vault maps discovered:
D:1:      dpeg_arrival_snail, layout_basic, serial_shops, shop,
          nicolae_shop_trees, shop, shop
D:2:      layout_basic, uniq_robin
D:3:      layout_loops_ring, tgw_fedhas, uniq_jessica, uniq_sigmund
D:4:      layout_basic, minmay_temple_entry_mist, lightli_sewer_entry_pipes,
          serial_library_hellmonk_big_corner, uniq_eustachio
D:5:      layout_rooms, grunt_dithmenos_smoke_and_mirrors,
          nicolae_hepliaklqana_hazy_memory, serial_shops,
          nicolae_shop_tiny_waterfront, hellmonk_no_cap
D:6:      layout_loops_ring, amcnicky_altar_gilded,
          mainiacjoe_overflow_surrounded_room, kennysheep_okawaru_gauntlet,
          serial_shops, nicolae_shop_real_fake_doors,
          nicolae_shop_industrial_runoff, nicolae_square_shop,
          nicolae_ossuary_entry_giza, hangedman_decor_points
D:7:      layout_rooms, xom_shifter_show
D:8:      layout_basic, grunt_qazlal_clouds, serial_library,
          serial_library_hellmonk_filled_rooms,
          serial_library_regret_index_double_sided,
          serial_library_hellmonk_semicircle, serial_library_hellmonk_hallway_a,
          serial_library_hellmonk_room_a, serial_library_hellmonk_small_alcove,
          serial_library_hellmonk_metal_room,
          serial_library_regret_index_headful, serial_library_hellmonk_room_c,
          serial_library_hellmonk_layered_room, enter_bailey_4
Temple:   eino_temple_lava

Skill      XL: |  1  2  3  4  5  6  7  8  9 10 |
---------------+-------------------------------+-----
Stealth        | 2 3 4 |  4.0
Fighting       | 3 5 6 7 9 10 | 10.5
Dodging        | 2 |  2.0
Invocations    | 1 2 5 6 |  6.0
Ranged Weapons | 4 6 7 8 10 | 10.0

Action                     |  1- 3 |  4- 6 |  7- 9 | 10-12 || total
---------------------------+-------+-------+-------+-------++-------
  Melee: Unarmed           |       |       |    27 |       ||    27
   Fire: Shortbow          |    80 |   126 |   501 |   169 ||   876
         Sling             |       |       |       |     5 ||     5
  Throw: Dart              |       |       |     3 |    22 ||    25
 Invoke: Wall of Briars    |       |       |     4 |     6 ||    10
         Grow Ballistomyce |       |       |     2 |     1 ||     3
         Overgrow          |       |       |       |     1 ||     1
Ability: Spit Poison       |    21 |    18 |    50 |    17 ||   106
  Evoke: Wand              |       |       |     4 |     6 ||    10
    Use: Scroll            |     7 |     3 |    11 |     2 ||    23
         Potion            |     1 |       |     2 |     3 ||     6
 Armour: Leather armour    |    40 |    42 |   228 |    96 ||   406
         Skin              |       |       |    24 |       ||    24
  Dodge: Dodged            |    25 |    16 |   128 |    64 ||   233

Table legend: (Time is in decaauts)
 A = Elapsed time spent in this place.
 B = Non-inter-level travel time spent in this place.
 C = Inter-level travel time spent in this place.
 D = Time resting spent in this place.
 E = Time spent auto-exploring this place.
 F = Levels seen in this place.
 G = Mean time per level.
                   A        B        C        D        E       F      G
               +--------+--------+--------+--------+--------+-----+--------+
         Total |  12141 |  10306 |   1835 |    253 |   7065 |  12 | 1011.8 |
       Dungeon |   9623 |   7788 |   1835 |      0 |   6181 |   8 | 1202.9 |
        Temple |      1 |      1 |      0 |      0 |      0 |   1 |    1.0 |
         Sewer |    538 |    538 |      0 |      0 |    358 |   1 |  538.0 |
       Ossuary |    721 |    721 |      0 |    180 |    102 |   1 |  721.0 |
        Bailey |   1255 |   1255 |      0 |     73 |    423 |   1 | 1255.0 |
               +--------+--------+--------+--------+--------+-----+--------+

Top non-repeatable levels by time:
     D:1: 1682 daAuts
     D:4: 1580 daAuts
     D:2: 1416 daAuts
     D:6: 1392 daAuts
  Bailey: 1255 daAuts
     D:3: 1230 daAuts
     D:5: 1053 daAuts
 Ossuary: 721 daAuts
     D:8: 658 daAuts
     D:7: 609 daAuts
   Sewer: 538 daAuts
  Temple: 1 daAuts
